AoeStats
← alex_08

Oasis

508284384Analyzed
4v4 RM · 11d ago on Sep 21, 2026· 32m 17s· 8 players
Game mode
Random Map
Map size
Large (8 player)
Population
200
Speed
Normal
Resources
Standard
Victory
Conquest
Starting age
Dark Age
Ending age
Imperial Age
RankedLock teamsTeams togetherTeam positionsShared explorationLock speedFull tech treeHidden civsTurbo modeCheats
Victory
Defeat
🇩🇪 Britons · Germany
1163
+13
🇦🇷 Wei · Argentina
1103
+15
🇩🇪 Dravidians · Germany
1051
+17
🇩🇪 Persians · Germany
837
+26
🇫🇷 Chinese · France
1097
-18
🇦🇷 Cumans · Argentina
1078
-18
🇬🇧 Teutons · United Kingdom
1075
-18
1062
-17
Sakullius-of-Coursistan
2:30 Loom
12:20 Feudal Age
13:26 Double-Bit Axe
18:54 Castle Age
FraD
10:50 Feudal Age
12:07 Double-Bit Axe
16:14 Castle Age
14:51 Fletching
16:18 Crossbowman
22:48 Town Watch
23:50 Town Patrol
30:38 Bodkin Arrow
Benjings
11:45 Feudal Age
14:05 Horse Collar
14:14 Double-Bit Axe
17:38 Castle Age
17:27 Wheelbarrow
v1bes
9:59 Feudal Age
10:36 Double-Bit Axe
11:24 Loom
13:27 Horse Collar
18:41 Wheelbarrow
19:24 Forging
19:21 Scale Barding Armor
23:26 Castle Age
21:54 Fletching
22:43 Bloodlines
23:22 Stone Mining
23:29 Gold Mining
24:46 Chain Barding Armor
24:08 Light Cavalry
26:14 Bow Saw
29:24 Iron Casting
31:37 Imperial Age
cmd 3.0
8:51 Loom
11:24 Feudal Age
16:45 Castle Age
15:29 Double-Bit Axe
28:22 Town Watch
29:12 Wheelbarrow
29:09 Bow Saw
29:09 Fletching
29:54 Bodkin Arrow
30:45 Padded Archer Armor
alex_08
11:21 Feudal Age
13:03 Wheelbarrow
13:20 Loom
13:29 Double-Bit Axe
19:40 Scale Barding Armor
20:31 Bloodlines
25:26 Castle Age
23:24 Horse Collar
23:39 Gold Mining
27:01 Bow Saw
27:36 Chain Barding Armor
28:25 Heavy Plow
29:24 Forging
29:20 Husbandry
inventatealgo
7:19 Loom
9:39 Feudal Age
10:17 Double-Bit Axe
13:48 Town Watch
21:44 Castle Age
20:02 Fletching
21:54 Crossbowman
27:11 Wheelbarrow
28:29 Gold Mining
30:51 Bow Saw
30:22 Horse Collar
32:09 Ballistics
RICARDONE ES SABALERO
8:42 Loom
11:28 Feudal Age
10:00 Loom
12:10 Double-Bit Axe
12:31 Horse Collar
12:42 Gold Mining
14:13 Wheelbarrow
17:12 Castle Age
17:29 Scale Barding Armor
18:25 Bloodlines
19:40 Husbandry
21:11 Bow Saw
22:52 Forging
24:48 Heavy Plow
26:21 Hand Cart
28:22 Chain Barding Armor
30:52 Gold Shaft Mining
Connection lost

Rejoining the realm…

Still unreachable

The connection could not be restored.

Session expired

The server has moved on; the page needs a fresh start.